 Dungeon Crawl Stone Soup version 0.27-a0-1200-g94dc6ad4cf (console) character file.

Game seed: 4772245412186349731

1350 Hector the Cleaver (level 8, -4/71 HPs)
             Began as a Minotaur Abyssal Knight on May 31, 2021.
             Was an Elder of Lugonu.
             Slain by a four-headed hydra (8 damage)
             ... on level 6 of the Dungeon.
             The game lasted 00:15:35 (6129 turns).

Hector the Cleaver (Minotaur Abyssal Knight)        Turns: 6129, Time: 00:15:36

Health: -4/71      AC: 11    Str: 24    XL:     8   Next: 36%
Magic:  8/8        EV: 11    Int: 14    God:    Lugonu [****..]
Gold:   286        SH:  0    Dex:  9    Spells: 7/7 levels left

rFire    + . .     SeeInvis .   B - +10 mace {pain, rF+ Str+4 Int+5}
rCold    . . .     Faith    .   (no shield)
rNeg     . . .     Spirit   .   s - +0 scale mail
rPois    .         Reflect  .   (helmet restricted)
rElec    .         Harm     .   (no cloak)
rCorr    .         Rampage  .   (no gloves)
Will     .....                  f - +2 pair of boots
Stlth    ..........             (no amulet)
HPRegen  0.21/turn              (no ring)
MPRegen  0.11/turn              (no ring)

@: no status effects
A: horns 2, retaliatory headbutt
a: Renounce Religion, Depart the Abyss, Bend Space, Banish, Corrupt


You were on level 6 of the Dungeon.
You worshipped Lugonu.
Lugonu was greatly pleased with you.
You visited 1 branch of the dungeon, and saw 6 of its levels.
You visited the Abyss 1 time.
You also visited: Ossuary.

You collected 286 gold pieces.

Inventory:

Hand Weapons
 a - a +1 hand axe
 k - a +1 spear of distortion
 B - the +10 mace "Bachel" (weapon) {pain, rF+ Str+4 Int+5}
   (You found it on level 5 of the Dungeon)

   In the hands of one skilled in necromantic magic, it inflicts extra damage on
   living creatures.
   It affects your strength (+4).
   It affects your intelligence (+5).
   It protects you from fire.
 E - the +9 hunting sling of Gluttony {speed, Str+3}
   (You found it on level 5 of the Dungeon)

   Attacks with this weapon are significantly faster.
   It affects your strength (+3).
Missiles
 d - 215 stones
 v - a throwing net
 w - 19 poisoned darts
 F - 40 sling bullets
Armour
 b - a +0 leather armour
 f - a +2 pair of boots (worn)
 l - a +0 ring mail
 s - a +0 scale mail (worn)
Jewellery
 z - a ring of wizardry
 M - a ring of wizardry
Wands
 n - a wand of paralysis (7)
 y - a wand of flame (11)
 C - a wand of mindburst (11)
Scrolls
 e - 6 scrolls of teleportation {unknown}
 h - 2 scrolls of holy word {unknown}
 i - a scroll of magic mapping {unknown}
 j - a scroll of vulnerability {unknown}
 o - a scroll of noise {unknown}
 u - a scroll of silence {unknown}
 x - 2 scrolls of enchant weapon {unknown}
 A - a scroll of blinking {unknown}
 G - 3 scrolls of fog {unknown}
 H - a scroll of summoning {unknown}
 J - a scroll of immolation {unknown}
Potions
 c - 2 potions of heal wounds
 g - a potion of mutation
 m - 2 potions of curing
 p - a potion of cancellation
 q - 2 potions of might
 t - 4 potions of brilliance
 D - a potion of magic {unknown}
 I - a potion of resistance {unknown}
 K - a potion of berserk rage {unknown}
 L - a potion of haste {unknown}


   Skills:
 + Level 6.3 Fighting
 * Level 8.9 Axes
 + Level 6.4 Armour
 + Level 3.3 Dodging
 - Level 1.7 Invocations


You had 7 spell levels left.
You didn't know any spells.
Your spell library contained the following spells:

 Spells                   Type           Power      Damage    Failure   Level
 Beastly Appendage        Tmut           0%         N/A       54%         1
 Magic Dart               Conj           0%         1d3       54%         1
 Searing Ray              Conj           0%         3d3       69%         2
 Wereblood                Tmut           0%         N/A       69%         2
 Dazzling Flash           Conj/Hex       0%         N/A       89%         3
 Spider Form              Tmut/Pois      0%         N/A       89%         3
 Fulminant Prism          Conj/Hex       0%         3d6       100%        4
 Ice Form                 Ice/Tmut       0%         N/A       100%        4
 Iskenderun's Mystic Bla  Conj/Tloc      0%         2d3       100%        4
 Hydra Form               Tmut           0%         N/A       100%        5


Dungeon Overview and Level Annotations

Branches:
Dungeon (6/15)            Ossuary (visited)
 Temple: D:4-7

Altars:

Shops:
D:4 :   D:5 =

Annotations:
D:5 2 transporters, Sergey's ghost, amateur DDFi


Innate Abilities, Weirdness & Mutations

You have a pair of horns on your head.
You reflexively headbutt those who attack you in melee.


Message History

The four-headed hydra is moderately wounded.
The four-headed hydra bites you but does no damage.
The four-headed hydra bites you. The four-headed hydra misses you.
The four-headed hydra bites you!
You bludgeon the four-headed hydra!! You headbutt the four-headed hydra.
The four-headed hydra is heavily wounded.
The four-headed hydra bites you but does no damage.
The four-headed hydra bites you!
The four-headed hydra barely misses you.
The four-headed hydra bites you!
The four-headed hydra bites you but does no damage.
The four-headed hydra bites you!
* * * LOW HITPOINT WARNING * * *
The four-headed hydra closely misses you.
The four-headed hydra bites you.
* * * LOW HITPOINT WARNING * * *
Unknown command.
You sock the four-headed hydra!
The four-headed hydra is severely wounded.
The four-headed hydra closely misses you.
The four-headed hydra barely misses you.
The four-headed hydra closely misses you.
The four-headed hydra bites you but does no damage.
Unknown command.
You hit the four-headed hydra.
The four-headed hydra is severely wounded.
The four-headed hydra bites you.
* * * LOW HITPOINT WARNING * * *
The four-headed hydra barely misses you.
The four-headed hydra bites you.
* * * LOW HITPOINT WARNING * * *
The four-headed hydra bites you.
* * * LOW HITPOINT WARNING * * *
You sock the four-headed hydra!
The four-headed hydra is severely wounded.
The four-headed hydra bites you.
* * * LOW HITPOINT WARNING * * *
The four-headed hydra bites you but does no damage.
The four-headed hydra bites you!
You die...

...........# #######
######.##..#####.....#
#.##............# ##
#.##..........#.#
.#####.##).#####.#.#.#
.......##............#
..........#####.##.#.#
#########.# ##.##.#.#
#.# #..@..#.# #.#
#.D####.# #....... ..#
######.. ### #.. #..
... #.#


You could see a four-headed hydra.

Vanquished Creatures
  Menkaure (Ossuary)
  A water moccasin (D:6)
  An ice beast (D:6)
  A black bear (D:5)
  An ogre (D:6)
  A phantom (D:6)
  A centaur (D:5)
  A bullfrog (D:6)
  A scorpion (D:5)
  Blork the orc (D:6)
  A wyvern skeleton (D:6)
  A centaur zombie (D:6)
  2 bullfrog skeletons (D:5)
  An orc wizard (D:6)
  Natasha (thrice) (D:2)
  3 mummies (Ossuary)
  3 gnolls (D:4)
  2 howler monkey skeletons (D:5)
  A river rat (D:6)
  6 adders
  2 white imps (D:5)
  2 worms
  A dart slug (D:4)
  6 orcs
  2 endoplasms
  4 giant cockroaches
  10 hobgoblins
  11 jackals
  5 kobolds
  7 quokkas
  5 ball pythons
  7 bats
  4 frilled lizards
  5 gnoll skeletons (Ossuary)
  5 gnoll zombies (Ossuary)
  5 goblins
  5 goblin skeletons (Ossuary)
  3 goblin zombies (Ossuary)
  5 hobgoblin skeletons (Ossuary)
  A hobgoblin zombie (Ossuary)
  2 kobold skeletons (Ossuary)
  5 kobold zombies (Ossuary)
  5 orc skeletons (Ossuary)
  5 orc zombies (Ossuary)
  11 rats
  3 rat skeletons (Ossuary)
  5 rat zombies (Ossuary)
164 creatures vanquished.

Vanquished Creatures (others)
  An orc zombie (Ossuary)
1 creature vanquished.

Grand Total: 165 creatures vanquished

Notes
Turn   | Place    | Note
-------+----------+-------------------------------------------
     0 | Abyss:1  | Hector the Minotaur Abyssal Knight began the quest for the
                  | Orb.
     0 | Abyss:1  | Reached XP level 1. HP: 19/19 MP: 1/1
    63 | Abyss:1  | Noticed a sun demon
    63 | Abyss:1  | Noticed a rakshasa
    64 | D:1      | Escaped the Abyss
   240 | D:1      | Reached * piety under Lugonu
   243 | D:1      | Reached XP level 2. HP: 20/27 MP: 2/2
   324 | D:1      | Reached skill level 3 in Axes
   496 | D:1      | Found a faded altar of an unknown god.
   802 | D:2      | Reached XP level 3. HP: 17/33 MP: 3/3
  1061 | D:2      | Noticed Natasha
  1067 | D:2      | Killed Natasha
  1067 | D:2      | Reached ** piety under Lugonu
  1068 | D:2      | Reached skill level 4 in Axes
  1068 | D:2      | Reached XP level 4. HP: 36/41 MP: 4/4
  1158 | D:2      | Noticed Natasha
  1169 | D:2      | Killed Natasha
  1217 | D:2      | Noticed Natasha
  1481 | D:2      | Killed Natasha
  1482 | D:2      | Reached XP level 5. HP: 47/47 MP: 5/5
  1684 | D:3      | Reached skill level 5 in Axes
  2645 | D:4      | Found Lakeamy's Book Emporium.
  2893 | D:4      | Reached *** piety under Lugonu
  3101 | D:5      | Entered Level 5 of the Dungeon
  3113 | D:5      | Noticed a centaur
  3282 | D:5      | Noticed a black bear
  3295 | D:5      | Killed a black bear
  3296 | D:5      | Reached skill level 6 in Axes
  3296 | D:5      | Reached XP level 6. HP: 39/55 MP: 6/6
  3430 | D:5      | Reached skill level 5 in Fighting
  3534 | D:5      | Found Yngurosch's Jewellery Emporium.
  3558 | D:5      | Identified the +10 mace "Bachel" {pain, rF+ Str+4 Int+5}
  3564 | D:5      | Reached skill level 7 in Axes
  3741 | D:5      | Reached XP level 7. HP: 61/61 MP: 7/7
  3815 | D:5      | Found a transporter.
  3828 | D:5      | Noticed Sergey's ghost (amateur DDFi)
  3831 | D:5      | Found a transporter.
  4048 | D:5      | Identified the +9 hunting sling of Gluttony {speed, Str+3}
  4395 | D:6      | Reached skill level 8 in Axes
  4395 | D:6      | Reached skill level 5 in Armour
  4479 | D:6      | Found a sand-covered staircase.
  4591 | Ossuary  | Entered an ossuary
  4900 | Ossuary  | Reached **** piety under Lugonu
  5026 | Ossuary  | Noticed Menkaure
  5030 | Ossuary  | Killed Menkaure
  5384 | Ossuary  | Reached XP level 8. HP: 67/70 MP: 8/8
  5704 | D:6      | Noticed Blork the orc
  5713 | D:6      | Killed Blork the orc
  6121 | D:6      | Noticed a four-headed hydra
  6129 | D:6      | Slain by a four-headed hydra

Illustrated notes

Levels and vault maps discovered:
D:1:      lordsloth_arrival_two_stooges, layout_rooms,
          hellmonk_ecumenical_altar_lost_god, grunt_decor_arrowhead,
          chequers_garden
D:2:      layout_rooms, uniq_natasha
D:3:      layout_basic
D:4:      layout_cave_pools, grunt_ministairs_1, kennysheep_windowed_goal
D:5:      layout_loops_ring, serial_shops, kennysheep_mini_moat,
          gammafunk_ghost_arena
D:6:      layout_loops_ring, nicolae_ossuary_entry_plus, gup_sewer_entry_spiral,
          uniq_blork_the_orc

Skill      XL: |  1  2  3  4  5  6  7  8 |
---------------+-------------------------+-----
Fighting       | 4 5 6 |  6.3
Axes           | 3 4 6 7 8 |  8.9
Armour         | 3 4 5 6 |  6.4
Dodging        | 2 3 |  3.3
Invocations    | |  1.7

Action                   |  1- 3 |  4- 6 |  7- 9 || total
-------------------------+-------+-------+-------++-------
Melee: Hand axe          |    63 |   131 |       ||   194
       Headbutt          |     8 |    21 |    20 ||    49
       Mace              |       |    10 |   138 ||   148
Invok: Depart the Abyss  |     1 |       |       ||     1
  Use: Scroll            |       |       |     7 ||     7
Armor: Leather armour    |    18 |       |       ||    18
       Ring mail         |     9 |    14 |       ||    23
       Scale mail        |       |    52 |    50 ||   102
Dodge: Dodged            |    53 |    72 |    38 ||   163

Table legend: (Time is in decaauts)
 A = Elapsed time spent in this place.
 B = Non-inter-level travel time spent in this place.
 C = Inter-level travel time spent in this place.
 D = Time resting spent in this place.
 E = Time spent auto-exploring this place.
 F = Levels seen in this place.
 G = Mean time per level.
                   A        B        C        D        E       F      G
               +--------+--------+--------+--------+--------+-----+--------+
         Total |   6219 |   5890 |    329 |    937 |   3565 |   8 |  777.4 |
       Dungeon |   5293 |   4964 |    329 |    624 |   3385 |   6 |  882.2 |
         Abyss |     64 |     64 |      0 |      0 |     63 |   1 |   64.0 |
       Ossuary |    862 |    862 |      0 |    313 |    117 |   1 |  862.0 |
               +--------+--------+--------+--------+--------+-----+--------+

Top non-repeatable levels by time:
     D:6: 1054 daAuts
     D:5: 1016 daAuts
     D:1: 984 daAuts
     D:4: 872 daAuts
 Ossuary: 862 daAuts
     D:3: 758 daAuts
     D:2: 608 daAuts
 Abyss:1: 64 daAuts
